 Dungeon Crawl Stone Soup version 0.29-a0-1023-g6ae1a4a2c7 (webtiles) character file.

Game seed: 13491845785466070377

226 RBrandon the Shield-Bearer (level 5, -6/33 HPs)
             Began as a Vampire Wanderer on Aug 12, 2022.
             Mangled by Crazy Yiuf
             ... wielding a +2 quarterstaff of chaos
              (9 damage)
             ... on level 2 of the Dungeon.
             The game lasted 00:03:38 (1776 turns).

RBrandon the Shield-Bearer (Vampire Wanderer)       Turns: 1776, Time: 00:03:39

Health: -6/33      AC:  5    Str: 12    XL:     5   Next: 69%
Magic:  5/5        EV:  9    Int: 10    God:
Gold:   94         SH: 17    Dex: 19    Spells: 4/4 levels left

rFire   . . .      SeeInvis +   k - +1 hand axe (flame)
rCold   . . .      Faith    .   j - +2 tower shield {rPois}
rNeg    . . .      Spirit   .   e - +0 leather armour
rPois   +          Reflect  .   (no helmet)
rElec   .          Harm     .   (no cloak)
rCorr   .          Rampage  .   c - +0 pair of gloves
Will    .....                   m - +0 pair of boots
Stlth   ++........              (no amulet)
HPRegen 0.31/turn               (no ring)
MPRegen 0.09/turn               (no ring)

@: mighty, healing quickly
A: alive, fangs 3, see invisible, vampiric 2, [frail 1]
a: Exsanguinate


You were on level 2 of the Dungeon.
You visited 1 branch of the dungeon, and saw 2 of its levels.

You collected 94 gold pieces.

Inventory:

Hand Weapons
 a - a +0 mace
 b - a +0 sling
 k - a +1 hand axe of flaming (weapon)
   (You found it on level 2 of the Dungeon)
Armour
 c - a +0 pair of gloves (worn)
 e - a +0 leather armour (worn)
 g - a +2 buckler
 j - a +2 tower shield of poison resistance (worn)
   (You found it on level 1 of the Dungeon)
 m - a +0 pair of boots (worn)
Jewellery
 o - a +6 ring of dexterity
Scrolls
 d - 2 scrolls of vulnerability
 h - a scroll of enchant weapon {unknown}
 i - 2 scrolls of teleportation {unknown}
 l - a scroll of fear {unknown}
 n - a scroll of identify {unknown}


   Skills:
 - Level 1.0 Fighting
 - Level 1.5 Maces & Flails
 - Level 1.5 Armour
 - Level 3.2 Dodging
 - Level 1.5 Stealth
 + Level 5.7 Shields


You had 4 spell levels left.
You didn't know any spells.
Your spell library was empty.

Dungeon Overview and Level Annotations

Branches:
Dungeon (2/15)

Altars:

Annotations:
D:2 Crazy Yiuf


Innate Abilities, Weirdness & Mutations

Your natural rate of healing is accelerated.
You have razor-sharp teeth.
You have supernaturally acute eyesight. (SInv)
You are afflicted with vampirism and can become a bat while bloodless.
[You are frail. (-10% HP)]


Message History

You hit the hobgoblin. You burn the hobgoblin.
The hobgoblin is severely wounded.
You block the hobgoblin's attack. x2
You closely miss the hobgoblin.
The hobgoblin is severely wounded.
You block the hobgoblin's attack. x2
You hit the hobgoblin. You burn the hobgoblin.
You kill the hobgoblin!
There is a stone staircase leading up here.
Crazy Yiuf shouts!
Crazy Yiuf grits, "Cards sing-song verde!"
Could not explore, unopened runed door.
Press: ? - help, v - describe, . - travel
Here: Crazy Yiuf, wielding a +2 quarterstaff of chaos and wearing a +2 cloak of preservation (fire blocked by a runed translucent door)
The floor.
Unknown command.
You aren't carrying any items that you can evoke.
Okay, then.
You feel very mighty all of a sudden.
You open the door.
Crazy Yiuf screams, "Powder arga green!"
You hit Crazy Yiuf. You burn Crazy Yiuf.
Crazy Yiuf is heavily wounded.
Crazy Yiuf hits you with a +2 quarterstaff of chaos.
You are electrocuted!!
Ouch! That really hurt!
* * * LOW HITPOINT WARNING * * *
You block Crazy Yiuf's attack.
You hit Crazy Yiuf. You burn Crazy Yiuf.
Crazy Yiuf is almost dead.
You block Crazy Yiuf's attack. Crazy Yiuf barely misses you.
You barely miss Crazy Yiuf.
Crazy Yiuf is almost dead.
You block Crazy Yiuf's attack.
You closely miss Crazy Yiuf.
Crazy Yiuf is almost dead.
Crazy Yiuf hits you with a +2 quarterstaff of chaos!
* * * LOW HITPOINT WARNING * * *
Crazy Yiuf hits you with a +2 quarterstaff of chaos!
You die...

######
#....# #####
##....#
#)..#
######....##
#...#
........###
...
.######.####
#g# <#
#....# #@##
.# #########
##.# ##
#.......#
#.## ##
#.......#
##.#
.###.......#
##.##
...........#
##...#
.###.....(.#
#....# .#
#.......#
#....#
.###.......#
#....#


You could see Crazy Yiuf.

Vanquished Creatures
  Sigmund (D:2)
  4 adders (D:2)
  A dart slug (D:1)
  5 ball pythons (D:1)
  3 endoplasms (D:1)
  A giant cockroach (D:1)
  5 hobgoblins
  A quokka (D:2)
  5 bats
  4 frilled lizards
  5 goblins
  2 kobolds
  2 rats
39 creatures vanquished.

Vanquished Creatures (others)
  A bat (D:1)
  17 plants (D:2)
18 creatures vanquished.

Grand Total: 57 creatures vanquished

Notes
Turn   | Place    | Note
-------+----------+-------------------------------------------
     0 | D:1      | RBrandon the Vampire Wanderer began the quest for the Orb.
     0 | D:1      | RBrandon set off with the following items: a +0 mace, a +2
                  | buckler, a +0 pair of gloves, a scroll of vulnerability, a
                  | +0 leather armour.
     0 | D:1      | Reached XP level 1. HP: 15/15 MP: 1/1
    61 | D:1      | Reached skill level 1 in Dodging
   197 | D:1      | Reached XP level 2. HP: 21/21 MP: 2/2
  1026 | D:2      | Gained mutation: You are afflicted with vampirism and can
                  | become a bat while bloodless. [Vampire growth]
  1026 | D:2      | Reached XP level 3. HP: 17/20 MP: 3/3
  1114 | D:2      | Found a runed translucent door.
  1115 | D:2      | Noticed Crazy Yiuf
  1275 | D:2      | Reached skill level 4 in Shields
  1308 | D:2      | Reached XP level 4. HP: 21/28 MP: 4/4
  1489 | D:2      | Noticed Sigmund
  1498 | D:2      | Killed Sigmund
  1499 | D:2      | Reached skill level 5 in Shields
  1499 | D:2      | Reached XP level 5. HP: 33/33 MP: 5/5
  1776 | D:2      | Mangled by Crazy Yiuf

Illustrated notes

Levels and vault maps discovered:
D:1:      eino_arrival_cavern_a, layout_loops_cross, lemuel_old_faithful
D:2:      layout_loops_cross, corner_web_ring, serial_bayou_lagoon_a,
          uniq_sigmund, uniq_crazy_yiuf_cottage

Skill      XL: |  1  2  3  4 |
---------------+-------------+-----
Dodging        | 1 3 |  3.2
Shields        | 4 5 |  5.7
Fighting       | |  1.0
Maces & Flails | |  1.5
Armour         | |  1.5
Stealth        | |  1.5

Action                   |  1- 3 |  4- 6 || total
-------------------------+-------+-------++-------
Melee: Mace              |    85 |       ||    85
       Bite              |     8 |     3 ||    11
       Hand axe          |     2 |    18 ||    20
 Fire: Sling             |    14 |       ||    14
 Abil: Exsanguinate      |     1 |       ||     1
       Revivify          |     1 |       ||     1
  Use: Potion            |       |     3 ||     3
 Stab: Sleeping          |     3 |       ||     3
Armor: Leather armour    |    24 |     4 ||    28
Dodge: Dodged            |    34 |     4 ||    38
Block: Buckler           |    10 |       ||    10
       Tower shield      |    68 |    15 ||    83

Table legend: (Time is in decaauts)
 A = Elapsed time spent in this place.
 B = Non-inter-level travel time spent in this place.
 C = Inter-level travel time spent in this place.
 D = Time resting spent in this place.
 E = Time spent auto-exploring this place.
 F = Levels seen in this place.
 G = Mean time per level.
                   A        B        C        D        E       F      G
               +--------+--------+--------+--------+--------+-----+--------+
         Total |   1853 |   1797 |     56 |    113 |   1197 |   2 |  926.5 |
       Dungeon |   1853 |   1797 |     56 |    113 |   1197 |   2 |  926.5 |
               +--------+--------+--------+--------+--------+-----+--------+

Top non-repeatable levels by time:
     D:1: 996 daAuts
     D:2: 856 daAuts

Table legend:
 A = Kills in this place as a percentage of kills in entire the game.
 B = Kills by you in this place as a percentage of kills by you in the entire game.
 C = Kills by friends in this place as a percentage of kills by friends in the entire game.
 D = Other kills in this place as a percentage of other kills in the entire game.
 E = Experience gained in this place as a percentage of experience gained in the entire game.
 F = Experience gained in this place divided by the number of levels of this place that you have seen.
                   A       B       C       D       E      F
               +-------+-------+-------+-------+-------+----------------------
         Total | 100.0 | 100.0 |   N/A |   N/A | 100.0 | 161.5
       Dungeon | 100.0 | 100.0 |   N/A |   N/A | 100.0 | 161.5
               +-------+-------+-------+-------+-------+----------------------
